 Dungeon Crawl Stone Soup version 0.30.1 (webtiles) character file.

Game seed: 14954936426360032466

4622 Sanktem7 the Cleaver (level 10, -3/90 HPs)
             Began as a Minotaur Fighter on July 13, 2023.
             Slain by a gnoll sergeant
             ... wielding a +0 glaive
              (11 damage)
             ... in a bailey.
             The game lasted 00:13:47 (7163 turns).

Sanktem7 the Cleaver (Minotaur Fighter)             Turns: 7163, Time: 00:13:48

Health: -3/90      AC: 17    Str: 28    XL:     10   Next: 19%
Magic:  9/9        EV:  9    Int:  5    God:
Gold:   137        SH:  6    Dex: 14    Spells: 9/9 levels left

rFire   . . .        a - +0 war axe {axe}
rCold   . . .        c - +0 buckler
rNeg    + . .        m - +0 chain mail
rPois   .            e - +4 hat of the Arcane {rCorr Str+3 Dex+4 Stlth-}
rElec   .            (no cloak)
rCorr   +            (no gloves)
SInv    .            g - +1 pair of boots
Will    .....        (no amulet) Stlth
                     F - ring of positive energy
HPRegen 0.35/turn    (no ring)
MPRegen 0.11/turn

%: no passive effects
@: no status effects
A: horns 2, retaliatory headbutt, mutation resistance 1, noise suppression
a: no special abilities


You were in a bailey.
You visited 2 branches of the dungeon, and saw 9 of its levels.
You also visited: Bailey.

You collected 407 gold pieces.
You spent 270 gold pieces at shops.


Innate Abilities, Weirdness & Mutations

You have a pair of horns on your head.
You reflexively headbutt those who attack you in melee.
You are somewhat resistant to further mutation.
You passively dampen the noise of your surroundings.


   Skills:
 + Level 8.4 Fighting
 * Level 11.0 Axes
 + Level 4.9 Throwing
 + Level 8.3 Armour
 + Level 8.3 Shields


You had 9 spell levels left.
You didn't know any spells.
Your spell library contained the following spells:

 Spells                   Type           Power      Damage    Failure   Level
 Freeze                   Ice            0%         1d3       92%         1
 Static Discharge         Conj/Air       0%         2-2/arc   98%         2
 Sublimation of Blood     Necr           0%         N/A       98%         2
 Frozen Ramparts          Ice            0%         1d1       100%        3
 Hailstorm                Conj/Ice       0%         3d3       100%        3
 Airstrike                Air            0%         2d(0-16)  100%        4
 Petrify                  Tmut/Erth      0%         N/A       100%        4
 Summon Lightning Spire   Summ/Air       0%         N/A       100%        4
 Irradiate                Conj/Tmut      0%         3d11      100%        5

Inventory:

Hand Weapons
 a - a +0 war axe (weapon) {axe}
 b - a +1 dire flail of holy wrath {mace}
   (You took it off Edmund on level 5 of the Dungeon)
 f - a +0 whip of freezing {mace}
   (You took it off Pikel on level 6 of the Dungeon)
 i - a +0 hand axe of venom {axe}
   (You took it off an orc on level 5 of the Dungeon)
 o - a +3 dire flail {mace}
   (You took it off a wight on level 7 of the Dungeon)
 r - a +4 mace {mace}
   (You took it off a wight on level 7 of the Dungeon)
Missiles
 h - 43 poisoned darts (quivered) {throwing}
 k - 67 stones {throwing}
 s - 4 throwing nets {=f!fthrowing}
 u - a curare-tipped dart {=fthrowing}
 B - 2 boomerangs {throwing}
Armour
 c - a +0 buckler (worn)
 e - the +4 hat of the Arcane (worn) {rCorr Str+3 Dex+4 Stlth-}
   (You acquired it on level 6 of the Dungeon)

   Str:       It affects your strength (+3).
   Dex:       It affects your dexterity (+4).
   rCorr:     It protects you from acid and corrosion.
   Stlth:     It makes you less stealthy.
 g - a +1 pair of boots (worn)
   (You found it on level 1 of the Dungeon)
 m - a +0 chain mail (worn)
   (You found it on level 2 of the Dungeon)
Jewellery
 F - a ring of positive energy (left hand)
   (You found it on level 4 of the Dungeon)
Scrolls
 l - 2 scrolls of immolation {!r!r}
 n - a scroll of summoning
 t - 3 scrolls of enchant weapon
 w - 2 scrolls of teleportation {unknown}
 x - 2 scrolls of identify {@r1}
 C - 2 scrolls of poison {!r}
Potions
 d - a potion of might
 j - a potion of berserk rage {!q}
 p - a potion of lignification {!q}
 q - 2 potions of flight
 v - a potion of brilliance {unknown}
 z - 3 potions of magic
 D - 2 potions of curing {@q1}
 E - 3 potions of attraction {unknown}
 G - a potion of cancellation {unknown}
 I - a potion of invisibility {unknown}

Dungeon Overview and Level Annotations

Branches:
Dungeon (8/15) Zot: 26749  Temple (1/1) D:4 Zot: 5655  Bailey (1/1) Zot: 5598
   Lair: D:8-11

Altars:
Cheibriados
Dithmenos
Fedhas
Gozag
Hepliaklqana
Kikubaaqudgha
Makhleb
Qazlal
Ru
Sif Muna
Trog
Uskayaw
Vehumet
Wu Jian
Zin

Shops:
D:7 ?

Annotations:
D:8 exclusion: obsidian statue

##...## ...#
##...).##...#
#...)...#...#
#...8)..#...#
#.......#...#
##.....##g..#
##...##gg..#
##'##h)..8#
#...#@g...#
+.).')h..##
#...#)..##
#####...#####..≈
...............≈
..............≈≈
≈≈≈≈≈≈≈≈≈≈≈≈≈≈≈≈♣
♣♣♣♣♣♣♣♣♣♣♣♣♣♣♣♣♣


You could see 2 gnoll sergeants, 2 wolves, a gnoll bouda and a gnoll.


Message History

You take 11 damage, and now have 73/90 hp.
You hit the gnoll sergeant. You slash the wolf!
You kill the wolf!
You slash the gnoll sergeant! You barely miss the gnoll sergeant.
You barely miss the wolf. You closely miss the wolf.
The wolf completely misses you. The wolf bites you but does no damage.
The gnoll completely misses you. The gnoll sergeant barely misses you.
You furiously retaliate!
You headbutt the gnoll sergeant! You block the wolf's attack.
The gnoll bouda hits you but does no damage.
You block the gnoll sergeant's attack.
The gnoll sergeant hits you with a +0 glaive! 😮 HP[-7]
You take 7 damage, and now have 66/90 hp.
You slash the gnoll sergeant!
You kill the gnoll sergeant!
You hit the gnoll sergeant.
You hit the gnoll sergeant but do no damage.
You barely miss the wolf. You hit the wolf. You block the wolf's attack.
The wolf completely misses you. The gnoll hits you but does no damage.
The wolf bites you but does no damage. The gnoll bouda completely misses you.
The gnoll sergeant hits you with a +0 halberd.
The wolf bites you but does no damage.
Your Axes skill increases to level 11! 😮 HP[-1]
You take 1 damage, and now have 65/90 hp.
You slash the gnoll sergeant! You hit the gnoll sergeant.
You hit the wolf but do no damage. You closely miss the wolf.
The wolf bites you but does no damage. The gnoll barely misses you.
The wolf closely misses you. You furiously retaliate!
You headbutt the wolf!
The gnoll sergeant hits you but does no damage.
The gnoll bouda gazes fiercely through you!
You feel your attacks grow feeble. The gnoll bouda closely misses you.
The gnoll sergeant hits you but does no damage.
The wolf bites you but does no damage. 😮 HP[+1]
You hit the gnoll sergeant but do no damage.
You headbutt the gnoll sergeant, but do no damage.
You closely miss the wolf. You hit the gnoll sergeant. You slash the wolf!
You block the wolf's attack. The wolf bites you but does no damage.
You block the gnoll's attack.
The gnoll sergeant hits you with a +0 glaive!
The wolf bites you but does no damage. You block the gnoll sergeant's attack.
The gnoll bouda misses you. 😮 HP[-16]
You take 16 damage, and now have 50/90 hp.
You barely miss the gnoll sergeant. You hit the wolf but do no damage.
You hit the gnoll sergeant. You barely miss the wolf.
The wolf bites you but does no damage. The wolf bites you.
* * * LOW HITPOINT WARNING * * *
You block the gnoll's attack. You block the wolf's attack.
The gnoll sergeant hits you with a +0 glaive.
* * * LOW HITPOINT WARNING * * *
The gnoll bouda barely misses you.
The gnoll sergeant barely misses you. 😨 HP[-7]
You take 7 damage, and now have 43/90 hp.
You hit the gnoll sergeant. You closely miss the wolf.
You completely miss the wolf. You hit the gnoll sergeant.
The wolf barely misses you. The wolf bites you.
* * * LOW HITPOINT WARNING * * *
You block the gnoll's attack. The wolf bites you but does no damage.
The gnoll sergeant hits you with a +0 glaive!
* * * LOW HITPOINT WARNING * * *
The gnoll bouda calls upon its god to heal the gnoll sergeant.
The gnoll sergeant is healed somewhat.
The wolf bites you!
* * * LOW HITPOINT WARNING * * *
The gnoll sergeant barely misses you. 😨 HP[-20]
You take 20 damage, and now have 23/90 hp.
MASSIVE DAMAGE!! (PAUSE)
The gnoll sergeant attacks as you move away!
The gnoll sergeant hits you with a +0 glaive.
* * * LOW HITPOINT WARNING * * *
The wolf bites you but does no damage. The gnoll sergeant barely misses you.
The wolf barely misses you.
The gnoll sergeant hits you with a +0 halberd!
* * * LOW HITPOINT WARNING * * *
You see here a wolf corpse. 😱 HP[-9]
You take 9 damage, and now have 14/90 hp.
You hit the gnoll sergeant but do no damage.
Your headbutt misses the gnoll sergeant.
You closely miss the wolf. You hit the wolf.
Your attacks no longer feel as feeble.
The gnoll is no longer moving quickly.
You block the wolf's attack. The wolf bites you.
* * * LOW HITPOINT WARNING * * *
The gnoll hits you from afar with a +0 spear.
* * * LOW HITPOINT WARNING * * *
The wolf bites you but does no damage. The gnoll sergeant barely misses you.
The gnoll sergeant hits you with a +0 halberd.
* * * LOW HITPOINT WARNING * * *
The wolf bites you but does no damage. 😱 HP[-12]
You take 12 damage, and now have 2/90 hp.
You feel better. You block the wolf's attack. The wolf bites you.
* * * LOW HITPOINT WARNING * * *
The gnoll sergeant hits you from afar with a +0 glaive!
You die...

Skill      XL: |  1  2  3  4  5  6  7  8  9 10 |
---------------+-------------------------------+-----
Axes           | 3 4 5 6 7 8 10 11 | 11.0
Fighting       | 4 5 6 7 8 |  8.4
Armour         | 4 5 6 7 8 |  8.3
Shields        | 4 5 6 8 |  8.3
Throwing       | 1 3 4 |  4.9

Action                     |  1- 3 |  4- 6 |  7- 9 | 10-12 || total
---------------------------+-------+-------+-------+-------++-------
  Melee: War axe           |    72 |    55 |   305 |    67 ||   499
         Headbutt          |     8 |     5 |    50 |    18 ||    81
    Use: Potion            |       |       |     7 |     1 ||     8
         Scroll            |       |       |    17 |       ||    17
 Armour: Scale mail        |    29 |       |       |       ||    29
         Chain mail        |     9 |    21 |   154 |    73 ||   257
  Dodge: Dodged            |    35 |    22 |   114 |    60 ||   231
  Block: Buckler           |    20 |     7 |    96 |    45 ||   168

Levels and vault maps discovered:
D:1:      tarquinn_simple_flora_water_a, layout_basic, kennysheep_another_room
D:2:      minmay_chambers_of_ones, layout_rooms,
          shapermc_ecumenical_altar_hornbeckon, minmay_3d_cube, uniq_sigmund
D:3:      layout_loops_ring, ebering_ghost_disaster_area, uniq_grinder,
          uniq_terence
D:4:      layout_basic, minmay_temple_entry_mist
D:5:      layout_loops_ring, marbit_many_paths, minmay_misc_feat_x,
          hangedman_abyss_or_decor_slice, kennysheep_windowed_goal, uniq_edmund
D:6:      layout_basic, kennysheep_potato
D:7:      layout_rooms, serial_shops, nicolae_shop_waterfront, grunt_tough_drop,
          uniq_pikel
D:8:      minmay_separated_statues, layout_loops_ring, serial_rivers,
          chequers_serial_rivers_small_a, chequers_serial_rivers_marsh,
          chequers_serial_rivers_room_a, chequers_serial_rivers_micro_c,
          chequers_serial_rivers_small_3, enter_bailey_8
Temple:   minmay_temple_curvy_branch
Bailey:   bailey_polearm_gnolls_kennysheep, bailey

Notes
Turn   | Place    | Note
-------+----------+-------------------------------------------
     0 | D:1      | Sanktem7 the Minotaur Fighter began the quest for the Orb.
     0 | D:1      | Reached XP level 1. HP: 19/19 MP: 0/0
     0 | D:1      | magus.rc [v1.9.6]
   116 | D:1      | Reached XP level 2. HP: 27/27 MP: 1/1
   132 | D:1      | Reached skill level 3 in Axes
   339 | D:1      | Reached skill level 4 in Fighting
   339 | D:1      | Reached skill level 4 in Armour
   352 | D:1      | Reached XP level 3. HP: 33/33 MP: 2/2
   482 | D:1      | You pick up a book of Frost and begin reading...
   482 | D:1      | You add the spells Freeze, Frozen Ramparts and Hailstorm to
                  | your library.
   503 | D:1      | Reached skill level 4 in Shields
   686 | D:2      | HP: 8/33 [goblin/+0 club (3)]
   972 | D:2      | Noticed Sigmund
   982 | D:2      | Killed Sigmund
   983 | D:2      | Reached skill level 4 in Axes
   983 | D:2      | Reached XP level 4. HP: 32/41 MP: 3/3
   983 | D:2      | Reached XP level 5. HP: 37/47 MP: 4/4
  1252 | D:2      | Found a faded altar of an unknown god.
  1453 | D:3      | Reached skill level 5 in Axes
  1521 | D:3      | Noticed Grinder
  1525 | D:3      | Killed Grinder
  1526 | D:3      | Reached skill level 5 in Fighting
  1526 | D:3      | Reached skill level 5 in Armour
  1526 | D:3      | Reached skill level 5 in Shields
  1526 | D:3      | Reached XP level 6. HP: 47/56 MP: 5/5
  1629 | D:3      | Noticed Terence
  1636 | D:3      | Killed Terence
  1651 | D:3      | Found a large runed translucent door.
  1652 | D:3      | Found a large runed translucent door.
  1655 | D:3      | Noticed OlManJenkins's ghost (amateur HuBr)
  2044 | D:3      | Reached skill level 6 in Axes
  2179 | D:3      | Killed OlManJenkins's ghost
  2180 | D:3      | Reached XP level 7. HP: 61/61 MP: 6/6
  2221 | D:4      | Found a staircase to the Ecumenical Temple.
  2238 | Temple   | Entered the Ecumenical Temple
  3073 | D:4      | You pick up a book of Alchemy and begin reading...
  3073 | D:4      | You add the spells Sublimation of Blood, Petrify and
                  | Irradiate to your library.
  3239 | D:5      | Entered Level 5 of the Dungeon
  3329 | D:5      | You pick up a book of Storms and begin reading...
  3329 | D:5      | You add the spells Static Discharge, Airstrike and Summon
                  | Lightning Spire to your library.
  3471 | D:5      | Noticed Edmund
  3480 | D:5      | Killed Edmund
  3481 | D:5      | Reached skill level 7 in Axes
  3481 | D:5      | Reached skill level 1 in Throwing
  3592 | D:5      | Reached skill level 6 in Fighting
  3592 | D:5      | Reached skill level 6 in Armour
  3638 | D:5      | Reached skill level 6 in Shields
  3638 | D:5      | Reached XP level 8. HP: 67/70 MP: 7/7
  3674 | D:5      | Reached skill level 2 in Throwing
  3806 | D:5      | Found Jaofrodere's Armour Shoppe.
  4093 | D:5      | Found an ancient bone altar of Kikubaaqudgha.
  4240 | D:6      | Reached skill level 8 in Axes
  4727 | D:6      | Reached skill level 3 in Throwing
  4956 | D:6      | HP: 17/71 [killer bee (6)]
  4958 | D:6      | Reached skill level 7 in Fighting
  4960 | D:6      | Reached skill level 7 in Armour
  4960 | D:6      | Reached XP level 9. HP: 30/79 MP: 8/8
  4962 | D:6      | HP: 17/79 [howler monkey (4)]
  4973 | D:6      | Reached skill level 9 in Axes
  4973 | D:6      | Reached skill level 7 in Shields
  5290 | D:6      | Identified a scroll of acquirement
  5290 | D:6      | Acquired the +4 hat of the Arcane {rCorr Str+3 Dex+4
                  | Stlth-}
  5311 | D:6      | Gained mutation: Potions are less effective at restoring
                  | your health. [potion of mutation]
  5311 | D:6      | Gained mutation: You have large cloven feet. [potion of
                  | mutation]
  5311 | D:6      | Gained mutation: You are clumsy. (Dex -2) [potion of
                  | mutation]
  5312 | D:6      | Lost mutation: You have large cloven feet. [potion of
                  | mutation]
  5312 | D:6      | Lost mutation: Potions are less effective at restoring your
                  | health. [potion of mutation]
  5312 | D:6      | Lost mutation: You are clumsy. (Dex -2) [potion of
                  | mutation]
  5312 | D:6      | Gained mutation: You passively dampen the noise of your
                  | surroundings. [potion of mutation]
  5312 | D:6      | Gained mutation: You are somewhat resistant to further
                  | mutation. [potion of mutation]
  5433 | D:7      | Noticed Pikel
  5446 | D:6      | HP: 16/79 [lemure[Pikel] (5)]
  5448 | D:6      | HP: 4/79 [Pikel/+0 whip of freezing (4)]
  5451 | D:6      | Killed Pikel
  5781 | D:7      | Reached skill level 4 in Throwing
  5899 | D:7      | Reached skill level 10 in Axes
  6106 | D:7      | Found Runoen's Magic Scroll Shop.
  6119 | D:7      | Reached skill level 8 in Fighting
  6160 | D:7      | Reached skill level 8 in Armour
  6160 | D:7      | Reached skill level 8 in Shields
  6266 | D:7      | Bought 2 scrolls of enchant weapon for 180 gold pieces
  6266 | D:7      | Bought a scroll of enchant weapon for 90 gold pieces
  6674 | D:8      | Reached XP level 10. HP: 81/88 MP: 9/9
  6676 | D:8      | Noticed an obsidian statue
  6681 | D:8      | Noticed an orange demon
  6752 | D:8      | Found a flagged portal.
  6761 | Bailey   | Entered a bailey
  7157 | Bailey   | Reached skill level 11 in Axes
  7161 | Bailey   | HP: 21/90 [gnoll sergeant/+0 glaive (2)]
  7162 | Bailey   | HP: 10/90 [wolf (4)]
  7162 | Bailey   | HP: 2/90 [gnoll sergeant/+0 halberd (4)]
  7163 | Bailey   | Slain by a gnoll sergeant

Vanquished Creatures
  Pikel (D:6)
  Grinder (D:3)
  Sigmund (D:2)
  Edmund (D:5)
  A water moccasin (D:7)
  2 sky beasts
  2 ice beasts
  2 orc warriors (D:7)
  3 ogres
  A wolf (Bailey)
  The ghost of OlManJenkins the Sneak, an amateur HuBr (D:3)
  A lemure (D:7)
  A phantom (D:5)
  A centaur (D:7)
  2 kobold brigands (D:6)
  5 bullfrogs
  4 scorpions
  3 gnoll sergeants (Bailey)
  7 wights
  4 killer bees (D:6)
  A howler monkey (D:6)
  7 hounds
  3 jellies
  3 gnoll boudas
  2 orc priests
  2 sleepcaps
  3 iguanas
  2 orc wizards
  Terence (D:3)
  12 gnolls
  7 adders
  3 shadow imps
  2 white imps (D:7)
  An ufetubus (D:4)
  3 worms
  3 dart slugs
  28 orcs
  9 ball pythons
  12 endoplasms
  4 giant cockroaches
  3 hobgoblins
  2 jackals (D:2)
  15 kobolds
  2 quokkas
  7 bats
  4 frilled lizards
  8 goblins
  5 rats
198 creatures vanquished.

Table legend:
 A = Non-vault XP
 B = Vault XP
 C = Vault XP percentage of total XP
 D = Non-vault monster count
 E = Vault monster count
 F = Vault count percentage of total count
                 A         B        C        D         E       F
            +---------+---------+-------+---------+---------+-------
      Total |    3984 |    2620 |  39.7 |     156 |      41 |  20.8
            +---------+---------+-------+---------+---------+-------
        D:1 |      53 |       0 |   0.0 |      23 |       0 |   0.0
        D:2 |      39 |     245 |  86.3 |      15 |       9 |  37.5
        D:3 |      71 |     406 |  85.1 |      17 |       3 |  15.0
        D:4 |     152 |       0 |   0.0 |      17 |       0 |   0.0
        D:5 |     561 |     343 |  37.9 |      14 |       5 |  26.3
        D:6 |    1066 |     687 |  39.2 |      31 |       3 |   8.8
        D:7 |    1233 |     292 |  19.1 |      21 |       6 |  22.2
        D:8 |     809 |       0 |   0.0 |      18 |       0 |   0.0
     Bailey |       0 |     647 | 100.0 |       0 |      15 | 100.0
            +---------+---------+-------+---------+---------+-------

Skill      XL: |  1  2  3  4  5  6  7  8  9 10 |
---------------+-------------------------------+-----
Axes           | 3 4 5 6 7 8 10 11 | 11.0
Fighting       | 4 5 6 7 8 |  8.4
Armour         | 4 5 6 7 8 |  8.3
Shields        | 4 5 6 8 |  8.3
Throwing       | 1 3 4 |  4.9

Action                     |  1- 3 |  4- 6 |  7- 9 | 10-12 || total
---------------------------+-------+-------+-------+-------++-------
  Melee: War axe           |    72 |    55 |   305 |    67 ||   499
         Headbutt          |     8 |     5 |    50 |    18 ||    81
    Use: Potion            |       |       |     7 |     1 ||     8
         Scroll            |       |       |    17 |       ||    17
 Armour: Scale mail        |    29 |       |       |       ||    29
         Chain mail        |     9 |    21 |   154 |    73 ||   257
  Dodge: Dodged            |    35 |    22 |   114 |    60 ||   231
  Block: Buckler           |    20 |     7 |    96 |    45 ||   168

Illustrated notes

Table legend:
 A = Kills in this place as a percentage of kills in the entire game.
 B = Kills by you in this place as a percentage of kills by you in the entire game.
 C = Kills by friends in this place as a percentage of kills by friends in the entire game.
 D = Other kills in this place as a percentage of other kills in the entire game.
 E = Experience gained in this place as a percentage of experience gained in the entire game.
 F = Experience gained in this place divided by the number of levels of this place that you have seen.
                   A       B       C       D       E      F
               +-------+-------+-------+-------+-------+----------------------
         Total | 100.0 | 100.0 |   N/A |   N/A | 100.0 | 660.4
       Dungeon |  92.4 |  92.4 |   N/A |   N/A |  90.2 | 744.6
        Bailey |   7.6 |   7.6 |   N/A |   N/A |   9.8 | 647.0
               +-------+-------+-------+-------+-------+----------------------

Table legend: (Time is in decaauts)
 A = Elapsed time spent in this place.
 B = Non-inter-level travel time spent in this place.
 C = Inter-level travel time spent in this place.
 D = Time resting spent in this place.
 E = Time spent auto-exploring this place.
 F = Levels seen in this place.
 G = Mean time per level.
                   A        B        C        D        E       F      G
               +--------+--------+--------+--------+--------+-----+--------+
         Total |   7245 |   6933 |    312 |    550 |   4974 |  10 |  724.5 |
       Dungeon |   6500 |   6188 |    312 |    357 |   4546 |   8 |  812.5 |
        Temple |    344 |    344 |      0 |      0 |    294 |   1 |  344.0 |
        Bailey |    401 |    401 |      0 |    193 |    134 |   1 |  401.0 |
               +--------+--------+--------+--------+--------+-----+--------+

Top non-repeatable levels by time:
     D:6: 1394 daAuts
     D:5: 963 daAuts
     D:7: 937 daAuts
     D:2: 829 daAuts
     D:3: 778 daAuts
     D:4: 697 daAuts
     D:1: 648 daAuts
  Bailey: 401 daAuts
  Temple: 344 daAuts
     D:8: 250 daAuts
